 Dungeon Crawl Stone Soup version 0.30-a0-859-gf88a04b62d (webtiles) character file.

Game seed: 8512924818037802561

176 NotreDorf the Ducker (level 5, 0/35 HPs)
             Began as a Djinni Fire Elementalist on Mar 6, 2023.
             Slain by a gnoll
             ... wielding a +0 whip
              (5 damage)
             ... on level 5 of the Dungeon.
             The game lasted 00:08:25 (2821 turns).

NotreDorf the Ducker (Djinni Fire Elementalist)     Turns: 2821, Time: 00:08:25

Health: 0/35       AC:  5    Str:  7    XL:     5   Next: 86%
Gold:   102        EV: 18    Int: 19    God:
                   SH:  0    Dex: 13

rFire   + + .      SeeInvis .    m - +2 short sword (venom)
rCold   x . .      Faith    .    (no shield)
rNeg    . . .      Spirit   .    a - +0 robe
rPois   ∞          Reflect  .    (no helmet)
rElec   .          Rampage  .    p - +2 cloak
rCorr   .                        (no gloves)
Will    .....                    (boots unavailable)
Stlth   ++                       (no amulet)
HPRegen 0.25/turn                d - +5 ring of evasion
MPRegen 0.00/turn                (no ring)

@: flying
A: sickness immunity, fire resistance 2, cold vulnerability 1, float, innate
caster, HP casting, extra vitality 1
a: no special abilities


You were on level 5 of the Dungeon.
You visited 1 branch of the dungeon, and saw 4 of its levels.

You collected 102 gold pieces.

Inventory:

Hand Weapons
 m - a +2 short sword of venom (weapon)
Armour
 a - a +0 robe (worn)
 p - a +2 cloak (worn)
Jewellery
 d - a +5 ring of evasion (left hand)
Scrolls
 b - 3 scrolls of identify {unknown}
 c - 2 scrolls of fear {unknown}
 e - a scroll of magic mapping {unknown}
 i - 2 scrolls of enchant armour {unknown}
 j - a scroll of teleportation {unknown}
 l - 2 scrolls of blinking {unknown}
 q - a scroll of summoning {unknown}
 r - a scroll of vulnerability {unknown}
Potions
 f - 3 potions of curing {unknown}
 g - 3 potions of lignification {unknown}
 h - a potion of brilliance {unknown}
 k - 2 potions of berserk rage {unknown}
 n - a potion of mutation {unknown}
 o - 3 potions of ambrosia {unknown}
 s - a potion of invisibility {unknown}


   Skills:
 + Level 4.6 Dodging
 - Level 1.5 Stealth
 + Level 3.7 Spellcasting


You knew the following spells:

 Your Spells              Type           Power      Damage    Failure   Level
a - Foxfire               Conj/Fire      68%        2x1d7     3%          1
b - Scorch                Fire           34%        2d6       4%          2
c - Kindle Blastsparks    Fire/Tloc/Air  34%        2d12      10%         3
d - Inner Flame           Hex/Fire       17%        N/A       10%         3
e - Flame Wave            Conj/Fire      17%        2d7       30%         4
f - Sandblast             Erth           34%        2d9       3%          1
g - Static Discharge      Conj/Air       34%        2-4/arc   4%          2
Your spell library was empty.

Dungeon Overview and Level Annotations

Branches:
Dungeon (3/15)

Altars:
Nemelex Xobeh
Ru


Innate Abilities, Weirdness & Mutations

You are immune to sickness and miasma.
You are immune to poison.
Your flesh is very heat resistant. (rF++)
You are vulnerable to cold. (rC-)
You float through the air rather than walking.
You learn spells naturally, not from books.
Your magical power is your life essence.
You have superior vitality. (+4 MHP)


Message History

Confirm with . or Enter, or press ? or * to list all spells.
You conjure some foxfire!
The iguana closely misses you.
Casting: Foxfire (safe; 3% risk of failure)
Confirm with . or Enter, or press ? or * to list all spells.
You conjure some foxfire!
The foxfire hits the iguana.
The iguana is moderately wounded.
The foxfire hits the iguana.
The iguana is heavily wounded.
The iguana bites you!
Casting: Foxfire (safe; 3% risk of failure)
Confirm with . or Enter, or press ? or * to list all spells.
You conjure some foxfire!
The foxfire hits the iguana.
The iguana is heavily wounded.
The foxfire hits the iguana.
The iguana is severely wounded.
The iguana bites you!
You hit the iguana.
The iguana is poisoned.
The iguana is almost dead.
The foxfire hits the iguana.
You kill the iguana!
The foxfire hits the gnoll.
The gnoll is lightly wounded.
The gnoll completely misses you.
Casting: Foxfire (safe; 3% risk of failure)
Confirm with . or Enter, or press ? or * to list all spells.
You conjure some foxfire!
The gnoll hits you with a +0 flail!
* * * LOW HITPOINT WARNING * * *
The gnoll closely misses you.
The foxfire hits the gnoll.
The gnoll is moderately wounded.
The foxfire hits the gnoll.
The gnoll is heavily wounded.
The gnoll closely misses you. The gnoll completely misses you.
The gnoll misses you. The gnoll closely misses you.
The gnoll attacks as you move away! The gnoll barely misses you.
Things that are here:
a book of Displacement; 6 stones The gnoll attacks as you move away!
The gnoll hits you with a +0 whip.
You die...

##........#######
#........##8....
......#####....
...# ..###.#
#...# ...# ###
#.### #...# ...#
# #...###..8#
8..# ###..##...#
...#
##..'...#####...#
####.....@gg...+
#8.....g...8#
############# # #
#


You could see 3 gnolls.

Vanquished Creatures
  A jelly (D:5)
  An iguana (D:5)
  4 gnolls (D:2)
  3 adders
  2 dart slugs (D:1)
  7 orcs
  3 endoplasms
  A giant cockroach (D:3)
  4 goblins
  3 hobgoblins
  A quokka (D:2)
  2 ball pythons
  3 bats
  A frilled lizard (D:1)
  2 kobolds (D:2)
  12 rats
50 creatures vanquished.

Vanquished Creatures (others)
  131 foxfires
131 creatures vanquished.

Grand Total: 181 creatures vanquished

Notes
Turn   | Place    | Note
-------+----------+-------------------------------------------
     0 | D:1      | NotreDorf the Djinni Fire Elementalist began the quest for
                  | the Orb.
     0 | D:1      | NotreDorf set off with the following spells memorised:
                  | Foxfire, Scorch, Kindle Blastsparks, Inner Flame, Flame
                  | Wave.
     0 | D:1      | Reached XP level 1. HP: 15/15 MP: 0/0
    43 | D:1      | Reached XP level 2. HP: 18/21 MP: 0/0
  1199 | D:2      | Reached skill level 3 in Dodging
  1199 | D:2      | Reached XP level 3. HP: 12/25 MP: 0/0
  1199 | D:2      | Learned a level 1 spell: Sandblast
  1223 | D:2      | Reached XP level 4. HP: 6/31 MP: 0/0
  1674 | D:2      | Found a sparkling altar of Nemelex Xobeh.
  2245 | D:3      | Found a faded altar of an unknown god.
  2457 | D:3      | Reached skill level 4 in Dodging
  2464 | D:3      | Reached XP level 5. HP: 34/35 MP: 0/0
  2464 | D:3      | Learned a level 2 spell: Static Discharge
  2675 | D:3      | Found a sacrificial altar of Ru.
  2704 | D:3      | You are sucked into a shaft and drop 2 floors!
  2704 | D:5      | Entered Level 5 of the Dungeon
  2821 | D:5      | Slain by a gnoll

Illustrated notes

Levels and vault maps discovered:
D:1:      onia_arrival_handbag, layout_basic
D:2:      layout_basic, basic_altar
D:3:      layout_basic, lemuel_round_altar, basic_ecumenical_altar
D:5:      layout_layer_cave, minmay_temple_entry_junction, fountainhead,
          nicolae_nh_oracle_at_delphi

Skill      XL: |  1  2  3  4 |
---------------+-------------+-----
Dodging        | 3 4 |  4.6
Spellcasting   | 3 |  3.7
Stealth        | |  1.5

Action                     |  1- 3 |  4- 6 || total
---------------------------+-------+-------++-------
  Melee: Mace              |     2 |       ||     2
         Short sword       |       |    11 ||    11
   Cast: Foxfire           |    31 |    53 ||    84
 Armour: Robe              |       |     2 ||     2
  Dodge: Dodged            |    11 |    31 ||    42

Table legend: (Time is in decaauts)
 A = Elapsed time spent in this place.
 B = Non-inter-level travel time spent in this place.
 C = Inter-level travel time spent in this place.
 D = Time resting spent in this place.
 E = Time spent auto-exploring this place.
 F = Levels seen in this place.
 G = Mean time per level.
                   A        B        C        D        E       F      G
               +--------+--------+--------+--------+--------+-----+--------+
         Total |   2819 |   2776 |     43 |    289 |   2002 |   4 |  704.8 |
       Dungeon |   2819 |   2776 |     43 |    289 |   2002 |   4 |  704.8 |
               +--------+--------+--------+--------+--------+-----+--------+

Top non-repeatable levels by time:
     D:2: 1256 daAuts
     D:1: 979 daAuts
     D:3: 467 daAuts
     D:5: 116 daAuts
